 Dungeon Crawl Stone Soup version 0.30.1-3-gfc49f6343a (webtiles) character file.

Game seed: 13453907493046703804

3034 Peloso the Carver (level 9, -6/80 HPs)
             Began as a Minotaur Fighter on July 26, 2023.
             Was a Believer of Okawaru.
             Mangled by a shadow (23 damage)
             ... on level 7 of the Dungeon.
             The game lasted 00:13:22 (6581 turns).

Peloso the Carver (Minotaur Fighter)                Turns: 6581, Time: 00:13:22

Health: -6/80      AC: 17    Str: 22    XL:     9   Next: 56%
Magic:  8/8        EV:  7    Int:  5    God:    Okawaru [**....]
Gold:   139        SH:  5    Dex: 13    Spells: 8/8 levels left

rFire   . . .        a - +3 falchion
rCold   . . .        d - +0 buckler
rNeg    . . .        r - +1 plate armour
rPois   +            (helmet restricted)
rElec   .            D - +0 cloak
rCorr   .            c - +0 pair of gloves
SInv    .            (no boots)
Will    .....        C - amulet of faith Stlth
                     u - ring of poison resistance
HPRegen 0.33/turn    (no ring)
MPRegen 0.11/turn

%: faith
@: no status effects
A: horns 2, retaliatory headbutt
a: Renounce Religion, Heroism


You were on level 7 of the Dungeon.
You worshipped Okawaru.
Okawaru was pleased with you.
You visited 2 branches of the dungeon, and saw 8 of its levels.

You collected 189 gold pieces.
You spent 50 gold pieces at shops.

Inventory:

Hand Weapons
 a - a +3 falchion (weapon)
 b - a +0 dagger of flaming
Armour
 c - a +0 pair of gloves (worn)
 d - a +0 buckler (worn)
 r - a +1 plate armour (worn)
 D - a +0 cloak (worn)
Jewellery
 f - a ring of wizardry
 g - an amulet of the acrobat
 u - a ring of poison resistance (left hand)
 y - a ring of magical power
 C - an amulet of faith (around neck)
Wands
 z - a wand of roots (8)
 B - a wand of flame (14)
Scrolls
 e - 3 scrolls of poison
 k - a scroll of blinking {unknown}
 m - 3 scrolls of enchant armour
 n - a scroll of magic mapping {unknown}
 p - 4 scrolls of teleportation
 q - 2 scrolls of fear {unknown}
 s - 2 scrolls of vulnerability {unknown}
 t - 2 scrolls of silence {unknown}
 w - a scroll of amnesia
 A - 2 scrolls of identify
Potions
 h - 2 potions of flight
 i - a potion of berserk rage {unknown}
 j - 2 potions of might
 l - a potion of cancellation
 o - a potion of brilliance
 v - 2 potions of attraction {unknown}
 x - 2 potions of haste


   Skills:
 + Level 7.7 Fighting
 + Level 11.0 Long Blades
 + Level 8.5 Armour
 + Level 1.7 Dodging
 + Level 1.5 Stealth
 + Level 6.2 Shields


You had 8 spell levels left.
You didn't know any spells.
Your spell library contained the following spells:

 Spells                   Type           Power      Damage    Failure   Level
 Foxfire                  Conj/Fire      0%         2x1d4     100%        1
 Fireball                 Conj/Fire      0%         3d3       100%        5
 Plasma Beam              Fire/Air       0%         2x1d11    100%        6
 Starburst                Conj/Fire      0%         6d3       100%        6


Dungeon Overview and Level Annotations

Branches:
Dungeon (7/15)             Temple (1/1) D:4

Altars:
Ashenzari
Cheibriados
Elyvilon
Gozag
Hepliaklqana
Kikubaaqudgha
Makhleb
Okawaru
Qazlal
Sif Muna
Trog
Uskayaw
Vehumet
Wu Jian
Xom
Yredelemnul

Shops:
D:1 *   D:6 ?


Innate Abilities, Weirdness & Mutations

You have a pair of horns on your head.
You reflexively headbutt those who attack you in melee.


Message History

The hornet is heavily wounded.
You feel sick. The hornet barely misses you.
You hit the hornet.
The hornet is heavily wounded.
You feel yourself speed up.
You feel sick.
The hornet stings you but does no damage.
The hornet stings you.
You hit the hornet.
The hornet is severely wounded.
You feel sick. The hornet barely misses you.
You hit the hornet.
The hornet is severely wounded.
You feel sick.
You are no longer poisoned.
You block the hornet's attack. The hornet closely misses you.
You slash the hornet! You headbutt the hornet.
You kill the hornet!
Okawaru accepts your kill.
Your Long Blades skill increases to level 11!
You miss something. Your headbutt misses something.
A shadow appears from thin air!
Reactivating autopickup.
The shadow barely misses you.
You hit the shadow but do no damage. Your headbutt misses the shadow.
The shadow slips into darkness.
The shadow flickers and vanishes!
Deactivating autopickup; reactivate with Ctrl-A.
You closely miss something. Your headbutt misses something.
The shadow strikes at you from the darkness!
* * * LOW HITPOINT WARNING * * *
Reactivating autopickup.
You closely miss the shadow. You hit the shadow but do no damage.
The shadow slips into darkness.
The shadow flickers and vanishes!
Deactivating autopickup; reactivate with Ctrl-A.
You miss something. Your headbutt misses something.
The shadow strikes at you from the darkness!
You die...

############
#...........
#...........
#...######## ##.######
# #..#....####
###########.........).
#...{@........#...####
#.#########....)P.#
#.{...# ####..##)P.#
#...... ...........# #
#..##... #......#.###
## #.. ..... .......#.#
.#. #. ......
....)....# ... #
.........(......######
..:....................


There were no monsters in sight!

Vanquished Creatures
  Grinder (D:4)
  Prince Ribbit (D:6)
  2 hornets (D:7)
  2 water moccasins
  Duvessa (D:4)
  2 black bears
  A sky beast (D:7)
  2 ogres
  A centaur (D:5)
  A phantom (D:5)
  2 kobold brigands (D:6)
  3 bullfrogs
  A scorpion (D:6)
  4 wights (D:6)
  Dowan (D:4)
  A gnoll bouda (D:6)
  5 hounds
  A jelly (D:6)
  3 orc priests
  Crazy Yiuf (D:6)
  5 iguanas
  5 orc wizards
  4 gnolls (D:6)
  4 adders
  A white imp (D:6)
  An ufetubus (D:5)
  2 worms
  A dart slug (D:2)
  9 orcs
  6 endoplasms
  3 giant cockroaches
  8 goblins
  8 hobgoblins
  2 quokkas
  5 ball pythons
  7 bats
  7 frilled lizards
  16 kobolds
  3 rats (D:2)
133 creatures vanquished.

Notes
Turn   | Place    | Note
-------+----------+-------------------------------------------
     0 | D:1      | Peloso the Minotaur Fighter began the quest for the Orb.
     0 | D:1      | Reached XP level 1. HP: 19/19 MP: 0/0
   363 | D:1      | Found Jetrihan's Assorted Antiques.
   438 | D:1      | Reached XP level 2. HP: 26/27 MP: 1/1
   476 | D:1      | Found a faded altar of an unknown god.
  1148 | D:2      | Reached XP level 3. HP: 33/33 MP: 2/2
  1319 | D:2      | Reached skill level 3 in Long Blades
  1590 | D:1      | Bought a black potion for 16 gold pieces
  1697 | D:1      | Bought a grey potion for 16 gold pieces
  1697 | D:1      | Bought a scroll labelled YVEDIAJULE for 18 gold pieces
  1894 | D:3      | Reached skill level 1 in Dodging
  1894 | D:3      | Reached XP level 4. HP: 39/40 MP: 3/3
  1924 | D:3      | Identified the +7 sling of Qugriaq {heavy, Will- MP+9 Int+5
                  | Stlth+}
  2169 | D:3      | Found a shimmering altar of Xom.
  2171 | D:3      | Found a basalt altar of Yredelemnul.
  2171 | D:3      | Found a hazy altar of Hepliaklqana.
  2173 | D:3      | Found an ancient bone altar of Kikubaaqudgha.
  2173 | D:3      | Found a shimmering altar of Xom.
  2173 | D:3      | Found a burning altar of Makhleb.
  2469 | D:4      | Reached skill level 4 in Long Blades
  2482 | D:4      | Reached XP level 5. HP: 44/46 MP: 4/4
  2665 | D:3      | Reached skill level 5 in Armour
  2834 | D:4      | Reached skill level 5 in Long Blades
  2834 | D:4      | Reached XP level 6. HP: 45/53 MP: 5/5
  2886 | D:4      | Noticed Grinder
  2886 | D:4      | Noticed Duvessa
  2894 | D:4      | Noticed Dowan
  2903 | D:4      | Killed Grinder
  2904 | D:4      | Reached skill level 5 in Fighting
  2904 | D:4      | Reached skill level 6 in Long Blades
  2908 | D:4      | Killed Duvessa
  2909 | D:4      | Reached XP level 7. HP: 42/61 MP: 6/6
  2910 | D:4      | Killed Dowan
  3025 | D:4      | Identified the +4 leather armour "Nissao Xomut" {Rampage
                  | rC+ Dex+3}
  3078 | D:4      | Found a staircase to the Ecumenical Temple.
  3103 | Temple   | Entered the Ecumenical Temple
  3118 | Temple   | Became a worshipper of Warmaster Okawaru
  3229 | D:4      | Reached skill level 7 in Long Blades
  3476 | D:5      | Entered Level 5 of the Dungeon
  3744 | D:5      | Reached skill level 5 in Shields
  3962 | D:5      | Reached XP level 8. HP: 69/70 MP: 7/7
  4166 | D:5      | Reached * piety under Okawaru
  4217 | D:5      | Found a white marble altar of Elyvilon.
  4518 | D:6      | Reached skill level 8 in Long Blades
  4723 | D:6      | Found Muorelui's Magic Scroll Boutique.
  4752 | D:6      | Found a runed translucent door.
  4753 | D:6      | Noticed Crazy Yiuf
  5007 | D:6      | Reached skill level 9 in Long Blades
  5028 | D:6      | Reached skill level 1 in Stealth
  5170 | D:6      | Reached ** piety under Okawaru
  5290 | D:6      | Noticed Prince Ribbit
  5304 | D:6      | HP: 1/69 [Prince Ribbit (7)]
  5666 | D:6      | Killed Prince Ribbit
  5667 | D:6      | Reached XP level 9. HP: 52/79 MP: 8/8
  5871 | D:6      | Reached skill level 10 in Long Blades
  6031 | D:6      | Killed Crazy Yiuf
  6147 | D:7      | Identified the +1 robe of Hedonism {rElec rF+}
  6161 | D:7      | Found a stormy altar of Qazlal.
  6576 | D:7      | Reached skill level 11 in Long Blades
  6581 | D:7      | Mangled by a shadow

Illustrated notes

Levels and vault maps discovered:
D:1:      nicolae_arrival_somewhat_less_tricky_arrival, layout_loops_corners,
          serial_shops, shop, ebering_ecumenical_altar_mist
D:2:      layout_rooms
D:3:      layout_rooms, doesnt_xom_only_xom, serial_forest,
          infiniplex_forest_clump_diagonal, infiniplex_forest_lined_ring,
          infiniplex_forest_end_double, infiniplex_forest_lined_corner,
          infiniplex_forest_lined_ring, infiniplex_forest_straight_2,
          infiniplex_forest_clump_small, infiniplex_forest_clump_medium,
          minmay_misc_feat_secret_circle, kennysheep_generic_room_8
D:4:      layout_basic, minmay_temple_entry_wispy, uniq_grinder, uniq_duvessa
D:5:      layout_basic, nicolae_elyvilon_peaceful_grove
D:6:      layout_basic, serial_shops, nicolae_shop_hallway_plus,
          uniq_crazy_yiuf_cottage, uniq_prince_ribbit1
D:7:      layout_loops_ring, grunt_qazlal_clouds, sigmund_edmund_badplayer
Temple:   hellmonk_temple_of_storms

Skill      XL: |  1  2  3  4  5  6  7  8  9 |
---------------+----------------------------+-----
Armour         | 4 5 6 7 8 |  8.5
Shields        | 4 5 6 |  6.2
Fighting       | 4 5 6 7 |  7.7
Long Blades    | 3 4 5 6 7 9 11 | 11.0
Dodging        | 1 |  1.7
Stealth        | 1 |  1.5

Action                     |  1- 3 |  4- 6 |  7- 9 || total
---------------------------+-------+-------+-------++-------
  Melee: Long sword        |    91 |    79 |    88 ||   258
         Headbutt          |    13 |    14 |    57 ||    84
         Falchion          |       |       |   206 ||   206
    Use: Potion            |     1 |     1 |     2 ||     4
         Scroll            |       |       |     9 ||     9
 Armour: Scale mail        |    41 |       |       ||    41
         Plate armour      |     9 |    40 |   136 ||   185
  Dodge: Dodged            |    41 |    24 |    93 ||   158
  Block: Buckler           |    17 |    21 |    60 ||    98
